 Dungeon Crawl Stone Soup version 0.20-a0-959-gdc9e609 (webtiles) character file.

4550 Hybris the Summoner (level 10, -8/80 HPs)
             Began as a Mummy Summoner on Apr 5, 2017.
             Was an Initiate of Gozag.
             Mangled by a warg (12 damage)
             ... on level 10 of the Dungeon on Apr 6, 2017.
             The game lasted 01:10:19 (14420 turns).

Hybris the Summoner (Mummy Summoner)               Turns: 14420, Time: 01:10:21

Health: -8/80      AC:  5    Str: 11    XL:     10   Next: 17%
Magic:  4/14       EV: 12    Int: 17    God:    Gozag
Gold:   1635       SH:  2    Dex: 14    Spells: 1/14 levels left

rFire    + . .     SeeInvis +   g - +4 short sword (venom)
rCold    + + +     Gourm    .   (no shield)
rNeg     + + +     Faith    .   t - +0 robe {rC+ rF+}
rPois    ∞         Spirit   .   (no helmet)
rElec    .         Reflect  +   h - scarf {rC+ rF+}
rCorr    .         Harm     .   (no gloves)
MR       +....                  v - +2 pair of boots
Stlth    ++........             o - +2 amulet of reflection
Regen    0.3/turn               a - ring of see invisible
MPRegen  0.2/turn               (no ring)

@: no status effects
A: no food or potions, fire vulnerability, cold resistance 1, negative energy
resistance 3, torment resistance, unbreathing
a: Potion Petition, Call Merchant, Bribe Branch, Renounce Religion


You were on level 10 of the Dungeon.
You worshipped Gozag.
Gozag was most pleased with you.
You were not hungry.

You visited 2 branches of the dungeon, and saw 12 of its levels.

You collected 1723 gold pieces.
You paid 88 gold pieces to Gozag.

Inventory:

Hand Weapons
 g - a +4 short sword of venom (weapon)
 s - a +1 whip of electrocution
Armour
 e - a +1 leather armour of magic resistance
 h - a scarf of resistance (worn)
 t - a +0 robe of resistance (worn)
 v - a +2 pair of boots (worn)
Magical Staves
 w - an uncursed staff of conjuration
Jewellery
 a - a ring of see invisible (left hand)
 o - a +2 amulet of reflection (around neck)
 u - an uncursed amulet of guardian spirit
Wands
 m - a wand of confusion (12/48)
 q - a wand of iceblast (12/15)
 r - a wand of flame (10/48)
Scrolls
 c - 8 scrolls of identify
 d - a scroll of magic mapping
 f - 3 scrolls of fog
 i - a scroll of recharging
 j - 2 scrolls of enchant weapon
 l - 3 scrolls of enchant armour
 n - a scroll of amnesia
 p - 3 scrolls of remove curse
Books
 b - a book of Callings

   Spells                             Type                      Level
   a - Summon Small Mammal            Summoning                    1
   b - Call Imp                       Summoning                    2
   c - Call Canine Familiar           Summoning                    3
   d - Summon Guardian Golem          Hexes/Summoning              3
   e - Summon Lightning Spire         Summoning/Air                4
   f - Summon Ice Beast               Ice/Summoning                4


   Skills:
 + Level 8.0 Fighting
 * Level 0.0 Armour
 - Level 1.5 Dodging
 - Level 1.5 Stealth
 - Level 2.6 Spellcasting
 + Level 10.3 Summonings
 - Level 3.6 Air Magic


You had one spell level left.
You knew the following spells:

 Your Spells              Type           Power        Failure   Level  Hunger
a - Summon Small Mammal   Summ           ####         1%          1    N/A
b - Call Imp              Summ           #####...     1%          2    N/A
c - Call Canine Familiar  Summ           #####...     1%          3    N/A
d - Summon Guardian Gole  Hex/Summ       ###.....     10%         3    N/A
e - Summon Lightning Spi  Summ/Air       ####....     12%         4    N/A

Dungeon Overview and Level Annotations

Branches:
Dungeon (11/15)            Temple (1/1) D:5            Lair (0/6) D:10
    Orc (0/2) D:9

Altars:
Ashenzari
Cheibriados
Dithmenos
Elyvilon
Fedhas
Gozag
Hepliaklqana
Kikubaaqudgha
Makhleb
Nemelex Xobeh
Okawaru
Qazlal
Ru
Sif Muna
Trog
Uskayaw
Vehumet
Wu Jian
Xom
Yredelemnul
Zin
The Shining One


Innate Abilities, Weirdness & Mutations

You do not eat or drink.
Your flesh is vulnerable to fire.
You are immune to poison.
Your flesh is cold resistant. (rC+)
You are immune to negative energy. (rN+++)
You are immune to unholy pain and torment.
You can survive without breathing.


Message History

The two-headed ogre barely misses you. The warg closely misses your quokka.
You swap places.
The warg bites you!
* * * LOW HITPOINT WARNING * * *
Your quokka bites the two-headed ogre.
The two-headed ogre hits your quokka with a giant club!!
Your quokka dies!
Your quokka's corpse disappears in a puff of smoke!
Okay, then.
Evoke which item? (* to show all) (? for menu, Esc to quit)
Aiming: Confuse (will waste charges)
Press: ? - help, Shift-Dir - straight line, f/p - two-headed ogre
Aim: a two-headed ogre, wielding two giant clubs (severely wounded, chance to defeat MR: 28%)
The two-headed ogre appears confused.
Evoking this partially-identified wand wasted a few charges.
The warg bites you.
* * * LOW HITPOINT WARNING * * *
The warg bites you!
You die...
Your body crumbles into a pile of gold.

################.#
#...h............#
#.################
#)#.......[<)...#
#.#.###.#.#.###.#
#.#.###.#.#...#.#
#.#.....#.##.##.#
#.#######h##.##.#
#.....O§@.##....#
#.#############.#
### ###


You could see a two-headed ogre (confused) and a warg.

Vanquished Creatures
  A centaur zombie (D:8)
  2 hippogriffs
  A hungry ghost (D:8)
  3 orc warriors
  A slave (D:6)
  2 phantoms
  An ogre (D:10)
  A centaur (D:9)
  A water moccasin skeleton (D:5)
  5 killer bees
  2 howler monkeys
  2 crimson imps
  Crazy Yiuf (D:7)
  3 orc priests
  2 hounds
  5 orc wizards
  Natasha (D:2)
  4 worker ants
  A killer bee zombie (D:6)
  A gnoll (D:8)
  9 adders
  3 shadow imps
  An ooze (D:3)
  A worm (D:2)
  8 leopard geckos
  16 orcs
  5 giant cockroaches
  3 goblins
  5 hobgoblins
  2 jackals (D:9)
  4 quokkas
  6 bats
  4 frilled lizards
  A quokka zombie (D:5)
  3 rats
111 creatures vanquished.

Vanquished Creatures (collateral kills)
  Pikel (D:6)
  Prince Ribbit (D:6)
  A hippogriff (D:8)
  A hungry ghost (D:9)
  2 orc warriors
  2 ice beasts
  4 black bears
  2 phantoms
  3 ogres
  An eye of draining (D:10)
  A centaur (D:7)
  Blork the orc (D:5)
  A big kobold (D:9)
  4 bullfrogs
  A gnoll sergeant (D:10)
  A howler monkey (D:9)
  14 wights
  A crimson imp (D:9)
  2 bullfrog zombies
  A hound (D:4)
  5 orc wizards
  4 orc priests
  A bullfrog skeleton (D:7)
  A killer bee zombie (D:9)
  2 hound skeletons
  4 gnolls
  2 adders
  A shadow imp (D:6)
  An ooze (D:3)
  2 worms (D:2)
  4 dart slugs
  2 leopard geckos
  33 orcs
  A bat (D:1)
  3 giant cockroaches
  4 goblins
  4 hobgoblins
  7 jackals
  3 quokkas
  A frilled lizard (D:1)
  4 kobolds
  3 rats (D:1)
137 creatures vanquished.

Vanquished Creatures (others)
  The ghost of Avack the Grappler, a novice VSTm (D:5)
  2 slaves (D:6)
  An orc wizard (D:6)
  An adder (D:6)
5 creatures vanquished.

Grand Total: 253 creatures vanquished

Notes
Turn   | Place    | Note
-------+----------+-------------------------------------------
     0 | D:1      | Hybris the Mummy Summoner began the quest for the Orb.
     0 | D:1      | Reached XP level 1. HP: 13/13 MP: 4/4
   271 | D:1      | Reached XP level 2. HP: 10/19 MP: 1/5
   275 | D:1      | Learned a level 2 spell: Call Imp
  1156 | D:1      | Reached skill level 4 in Summonings
  1481 | D:1      | Reached XP level 3. HP: 22/24 MP: 7/7
  1486 | D:1      | Learned a level 3 spell: Call Canine Familiar
  1776 | D:2      | Reached skill level 1 in Fighting
  1806 | D:2      | Noticed Natasha
  1834 | D:2      | Killed Natasha
  1834 | D:2      | Reached XP level 4. HP: 24/32 MP: 0/8
  2169 | D:2      | Found a faded altar of an unknown god.
  2681 | D:3      | Reached XP level 5. HP: 38/38 MP: 9/9
  2798 | D:3      | Learned a level 3 spell: Summon Guardian Golem
  3037 | D:4      | Reached skill level 5 in Summonings
  3080 | D:4      | Noticed a phantom
  3117 | D:4      | Killed a phantom
  3268 | D:4      | Reached XP level 6. HP: 41/46 MP: 2/10
  3471 | D:4      | Found a shattered altar of Ashenzari.
  3899 | D:5      | Entered Level 5 of the Dungeon
  3940 | D:5      | Noticed Blork the orc
  3976 | D:5      | Killed Blork the orc
  4050 | D:5      | Noticed Avack's ghost (novice VSTm)
  4070 | D:5      | Killed Avack's ghost
  4070 | D:5      | Reached skill level 6 in Summonings
  4070 | D:5      | Reached XP level 7. HP: 53/53 MP: 0/11
  4507 | D:5      | Found a staircase to the Ecumenical Temple.
  4516 | Temple   | Entered the Ecumenical Temple
  4610 | Temple   | Became a worshipper of Gozag Ym Sagoz the Greedy
  5460 | D:6      | Noticed Pikel
  5506 | D:6      | Killed Pikel
  5506 | D:6      | Reached skill level 7 in Summonings
  5874 | D:6      | Noticed Prince Ribbit
  6271 | D:6      | Killed Prince Ribbit
  6271 | D:6      | Reached skill level 5 in Fighting
  6271 | D:6      | Reached XP level 8. HP: 59/62 MP: 0/12
  7024 | D:6      | Found a snail-covered altar of Cheibriados.
  7334 | D:7      | Reached skill level 8 in Summonings
  8661 | D:7      | Found a runed door.
  8667 | D:7      | Noticed Crazy Yiuf
  8680 | D:7      | Killed Crazy Yiuf
  9176 | D:7      | Found a hide-covered altar of Uskayaw.
  9176 | D:7      | Found an ornate altar of the Wu Jian Council.
  9261 | D:7      | Found a sacrificial altar of Ru.
  9261 | D:7      | Found a blossoming altar of Fedhas.
  9291 | D:7      | Reached XP level 9. HP: 46/71 MP: 6/13
  9550 | D:7      | Learned a level 4 spell: Summon Lightning Spire
  9595 | D:8      | Reached skill level 9 in Summonings
  9595 | D:8      | Reached skill level 1 in Air Magic
 11245 | D:9      | Found a shimmering altar of Xom.
 11246 | D:9      | Found a stormy altar of Qazlal.
 11594 | D:9      | Found a white marble altar of Elyvilon.
 11664 | D:9      | Reached skill level 10 in Summonings
 12019 | D:9      | Found a staircase to the Orcish Mines.
 12247 | D:9      | Found a basalt altar of Yredelemnul.
 12457 | D:10     | Entered Level 10 of the Dungeon
 12793 | D:9      | Reached XP level 10. HP: 60/80 MP: 2/14
 13675 | D:10     | Found a staircase to the Lair.
 13688 | D:10     | Noticed a two-headed ogre
 14206 | D:9      | Upgraded the game from 0.20-a0-957-g47ad1fd to 0.20-a0-959-gdc9e609
 14420 | D:10     | HP: 4/80 [warg (5)]
 14420 | D:10     | Mangled by a warg

Vault maps used:
D:1:      dpeg_arrival_short_road, serial_park_tiny_2, minmay_pentomino_z2
D:2:      chequers_ecumenical_altar_lobes, uniq_natasha
D:3:      minivault_11
D:4:      lemuel_round_altar, kennysheep_opposing_triangles
D:5:      cheibrodos_helix_gallery, minmay_temple_entry_glass, first_bread,
          uniq_blork_the_orc
D:6:      cheibriados_altar_1, uniq_prince_ribbit1, uniq_pikel
D:7:      grunt_temple_overflow_cloverleaf, uniq_crazy_yiuf_cottage
D:9:      kennysheep_ying_yang, minitemple, david_orc_4
D:10:     erik_lair_orcish_takeover, minmay_pinched_square, uniq_nergalle
D:11:     minmay_shrinking_squares, uniq_josephine, uniq_gastronok
Temple:   dshaligram_water_room_temple

Skill      XL: |  1  2  3  4  5  6  7  8  9 10 |
---------------+-------------------------------+-----
Summonings     | 4 5 6 7 8 10 | 10.3
Fighting       | 1 2 3 5 6 7 8 |  8.0
Air Magic      | 3 |  3.6
Dodging        | |  1.5
Stealth        | |  1.5
Spellcasting   | |  2.6

Action                   |  1- 3 |  4- 6 |  7- 9 | 10-12 || total
-------------------------+-------+-------+-------+-------++-------
Melee: Unarmed           |    60 |       |       |       ||    60
       Dagger            |    16 |       |       |       ||    16
       Short sword       |    14 |   121 |   336 |    38 ||   509
       Whip              |       |       |     4 |       ||     4
 Cast: Summon Small Mamm |    12 |     2 |    24 |    11 ||    49
       Call Imp          |    19 |    19 |    36 |     8 ||    82
       Call Canine Famil |     5 |    14 |    35 |     8 ||    62
       Summon Guardian G |       |     2 |    14 |     1 ||    17
       Summon Lightning  |       |       |    25 |    19 ||    44
Evoke: Wand              |       |       |     1 |     5 ||     6
  Use: Scroll            |     1 |       |    12 |     3 ||    16
 Stab: Sleeping          |     3 |     5 |       |       ||     8
       Distracted        |       |     1 |     3 |     1 ||     5
Armor: Robe              |    33 |    35 |    95 |    14 ||   177
Dodge: Dodged            |   113 |    82 |   220 |    49 ||   464
Block: Other             |       |       |    24 |     3 ||    27
       Reflection        |       |       |     1 |       ||     1
